 Dungeon Crawl Stone Soup version 0.26.1-11-gd32895ea62 (webtiles) character file.

Game seed: 11556679590748386929

127 Ijustatesigmund the Skirmisher (level 4, 0/37 HPs)
             Began as a Demonspawn Fighter on Apr 16, 2021.
             Slain by a wyvern (10 damage)
             ... on level 3 of the Dungeon.
             The game lasted 00:03:32 (2701 turns).

Ijustatesigmund the Skirmisher (Demonspawn Fighter) Turns: 2701, Time: 00:03:33

Health: 0/37       AC: 13    Str: 16    XL:     4   Next: 85%
Magic:  4/4        EV:  7    Int: 10    God:
Gold:   93         SH:  8    Dex: 13    Spells: 3/3 levels left

rFire    . . .     SeeInvis .   a - +0 war axe
rCold    . . .     Faith    .   c - +0 kite shield
rNeg     . . .     Spirit   .   b - +0 scale mail
rPois    +         Reflect  .   (no helmet)
rElec    .         Harm     .   f - +0 cloak
rCorr    .         Rampage  .   (no gloves)
Will     .....                  (no boots)
Stlth    ..........             (no amulet)
HPRegen  0.12/turn              e - ring of poison resistance
MPRegen  0.09/turn              (no ring)

@: sanguine armour
A: demonic guardian 1, miasma immunity, sanguine armour 1
a: no special abilities


You were on level 3 of the Dungeon.
You visited 1 branch of the dungeon, and saw 3 of its levels.

You collected 93 gold pieces.

Inventory:

Hand Weapons
 a - a +0 war axe (weapon)
Armour
 b - a +0 scale mail (worn)
 c - a +0 kite shield (worn)
 f - a +0 cloak (worn)
Jewellery
 e - a ring of poison resistance (left hand)
Potions
 d - a potion of might
 g - a potion of attraction
 h - 2 potions of lignification
 j - a potion of haste {unknown}


   Skills:
 + Level 3.8 Fighting
 * Level 3.5 Axes
 - Level 2.6 Armour
 + Level 1.8 Dodging
 - Level 2.6 Shields


You had 3 spell levels left.
You didn't know any spells.
Your spell library was empty.

Dungeon Overview and Level Annotations

Branches:
Dungeon (3/15)

Altars:


Innate Abilities, Weirdness & Mutations

A weak demonic guardian rushes to your aid.
You are immune to miasma.
When seriously injured, your bleeding wounds create armour. (AC +6)


Message History

You hit the orc priest.
The orc priest is severely wounded.
Your shield and scale mail prevent you from hitting the wyvern.
The bat barely misses you.
The wyvern bites you but does no damage.
You block the bat's attack.
Your iron imp barely misses the wyvern.
The orc priest hits you but does no damage.
The wyvern bites you!
* * * LOW HITPOINT WARNING * * *
You are too injured to fight recklessly!
Unknown command.
You closely miss the orc priest.
The orc priest is severely wounded.
You barely miss the wyvern. You closely miss the bat.
The bat hits you but does no damage. x2
The wyvern bites you but does no damage.
Your iron imp hits the wyvern.
The orc priest hits you but does no damage.
The wyvern bites you!
You die...

# #.##### ####
##.....##.....
##......†......
#.....?@o......
.....b.l.......
........5......
#..............
#..............
...$.........?.
...............
#.......##.....


You could see a wyvern, an orc priest, a bat and a friendly iron imp (summoned).

Vanquished Creatures
  A hound skeleton (D:3)
  3 adders (D:2)
  A worm (D:2)
  3 dart slugs
  A leopard gecko (D:1)
  2 orcs (D:3)
  5 giant cockroaches
  17 goblins
  10 hobgoblins
  A quokka (D:2)
  2 ball pythons (D:1)
  8 bats
  5 frilled lizards
  6 kobolds
  5 rats (D:1)
70 creatures vanquished.

Notes
Turn   | Place    | Note
-------+----------+-------------------------------------------
     0 | D:1      | Ijustatesigmund the Demonspawn Fighter began the quest for
                  | the Orb.
     0 | D:1      | Reached XP level 1. HP: 18/18 MP: 1/1
   183 | D:1      | Gained mutation: You are immune to miasma. [demonic
                  | ancestry]
   183 | D:1      | Reached XP level 2. HP: 24/24 MP: 2/2
   449 | D:1      | Reached skill level 1 in Dodging
   490 | D:1      | Gained mutation: When seriously injured, your bleeding
                  | wounds create armour. (AC +6) [demonic ancestry]
   490 | D:1      | Reached XP level 3. HP: 20/29 MP: 3/3
  1608 | D:2      | Gained mutation: A weak demonic guardian rushes to your
                  | aid. [demonic ancestry]
  1608 | D:2      | Reached XP level 4. HP: 34/35 MP: 4/4
  2693 | D:3      | Noticed a wyvern
  2701 | D:3      | Slain by a wyvern

Illustrated notes

Levels and vault maps discovered:
D:1:      psy_arrival_radial01, layout_basic, chequers_serial_rivers_small_b,
          amcnicky_mini_corridor_feature
D:2:      layout_loops_corners, minmay_goblin_outpost
D:3:      layout_rooms, chequers_ecumenical_altar_twisty

Skill      XL: |  1  2  3 |
---------------+----------+-----
Axes           | 2 3 |  3.5
Dodging        | 1 |  1.8
Fighting       | |  3.8
Armour         | |  2.6
Shields        | |  2.6

Action                   |  1- 3 |  4- 6 || total
-------------------------+-------+-------++-------
Melee: War axe           |   113 |    70 ||   183
  Use: Scroll            |     5 |     1 ||     6
Armor: Scale mail        |    55 |    41 ||    96
Dodge: Dodged            |    31 |    28 ||    59
Block: Kite shield       |    55 |    41 ||    96
